Map: Blackburn LE

Players

Anibal

  • Race: Protoss Protoss
  • League: Master
  • Spawn Location: 5:00

Pumba - Winner!

  • Race: Protoss Protoss
  • League: Bronze
  • Spawn Location: 7:00

VOD

Have the link to the VOD?

Description

Time

  • Played on: Jan. 25, 2022, 4:40 p.m.
  • Length: 10:10
Show
View Real Time Build Order
Export as new Build Order

Anibal Protoss 

Build Orders:  

Get SALT Encoding   

  12  0:08  Probe  
  13  0:26  Pylon  
  13  0:40  Probe  
  13  0:42  Assimilator  
  14  0:52  Probe  
  14  0:56  Gateway  
  15  0:59  Gateway  
  15  1:13  Probe  
  16  1:25  Probe  
  17  1:45  Zealot  
  19  2:54  Pylon  
  19  2:56  Zealot  
  19  2:58  Zealot  
  23  3:14  Cybernetics Core  
  23  3:28  Probe (Chrono Boost)  
  24  3:40  Probe (Chrono Boost)  
  25  3:45  Probe (Chrono Boost)  
  25  3:47  Nexus  
  26  3:55  Probe  
  27  4:01  Stargate  
  27  4:07  Probe, Forge  
  28  4:16  Pylon  
  28  4:30  Probe, Assimilator  
  29  4:44  Robotics Facility  
  29  4:45  Probe (Chrono Boost)  
  30  4:57  Probe (Chrono Boost)  
  31  5:02  Probe (Chrono Boost)  
  31  5:03  Probe (Chrono Boost)  
  31  5:06  Void Ray  
  37  5:12  Probe  
  37  5:13  Probe  
  39  5:24  Probe  
  39  5:25  Probe  
  41  5:29  Twilight Council  
  41  5:37  Probe  
  42  5:43  Void Ray  
  42  5:49  Probe  
  47  5:54  Observer  
  48  6:08  Stalker  
  50  6:16  Protoss Air Weapons Level 1  
  50  6:31  Assimilator  
  50  6:35  Assimilator  
  50  6:38  Probe  
  51  6:50  Probe  
  52  7:02  Probe  
  53  7:14  Probe  
  54  8:06  Pylon  
  54  8:09  Pylon  
  54  8:10  Pylon  
  54  8:13  Pylon  
  54  8:19  Pylon  
  54  8:23  Pylon  
  54  8:24  Probe  
  54  8:26  Pylon  
  55  8:30  Pylon  
  55  8:33  Pylon  
  55  8:35  Pylon  
  55  8:38  Pylon  
  55  8:39  Void Ray  
  59  9:16  Void Ray  
  63  9:17  Probe  
  64  9:29  Probe  
  65  9:41  Probe  
  66  9:53  Probe  
Show
View Real Time Build Order
Export as new Build Order

Pumba Protoss - Winner!

Build Orders: 1 Gate Expand 

Get SALT Encoding   

  12  0:00  Probe  
  13  0:12  Probe  
  14  0:20  Pylon  
  14  0:24  Probe  
  15  0:38  Probe (Chrono Boost)  
  16  0:44  Gateway  
  16  0:49  Probe (Chrono Boost)  
  17  0:51  Assimilator  
  17  0:54  Probe (Chrono Boost)  
  18  1:05  Probe  
  19  1:17  Probe  
  20  1:26  Nexus  
  20  1:53  Cybernetics Core  
  20  2:00  Probe  
  20  2:07  Assimilator  
  20  2:12  Probe  
  20  2:14  Pylon  
  21  2:21  Warp Gate  
  21  2:24  Probe  
  22  2:30  Stalker (Chrono Boost)  
  24  2:38  Probe (Chrono Boost)  
  24  2:42  Probe (Chrono Boost)  
  26  2:48  Probe (Chrono Boost)  
  28  2:52  Probe (Chrono Boost), Robotics Facility  
  28  2:53  Probe (Chrono Boost)  
  29  3:00  Stalker  
  29  3:02  Probe  
  29  3:05  Probe  
  33  3:14  Probe  
  33  3:17  Probe  
  35  3:24  Gateway  
  35  3:26  Probe  
  36  3:27  Gateway  
  36  3:29  Probe  
  38  3:41  Probe (Chrono Boost)  
  38  3:42  Probe (Chrono Boost)  
  39  3:50  Probe (Chrono Boost)  
  39  3:52  Observer  
  39  3:53  Probe (Chrono Boost)  
  42  4:01  Probe  
  42  4:02  Probe  
  44  4:31  Pylon  
  44  4:34  Pylon  
  44  4:39  Pylon  
  44  4:42  Pylon  
  44  4:57  Probe  
  45  5:12  Twilight Council  
  45  5:14  Probe x2  
  45  5:17  Immortal  
  51  5:24  Stalker x3  
  51  5:26  Probe x2  
  59  5:39  Assimilator  
  59  5:40  Assimilator  
  59  5:54  Charge (Chrono Boost)  
  59  5:57  Immortal (Chrono Boost)  
  63  6:13  Gateway  
  63  6:27  Gateway  
  63  6:29  Gateway  
  63  6:43  Gateway  
  63  6:48  Gateway  
  63  6:50  Gateway  
  63  6:52  Gateway  
  63  6:55  Gateway x2  
  63  6:56  Gateway  
  63  6:58  Gateway  
  63  7:16  Templar Archives  
  63  7:36  Pylon  
  63  7:39  Pylon  
  63  7:41  Pylon  
  63  7:44  Pylon  
  63  7:46  Pylon  
  63  7:56  Zealot x2  
  63  7:57  Zealot x8  
  83  8:02  Warp Prism (Chrono Boost)  
  85  8:11  Pylon  
  85  8:13  Pylon  
  85  8:15  Pylon  
  85  8:17  Pylon  
  85  8:24  Zealot x10  
  105  9:13  High Templar  
  105  9:14  High Templar x9  
  125  9:18  Archon  
  125  9:19  Archon x4  
  125  9:46  Zealot x3  
  125  9:47  Zealot x7  
Tags
 
Matchup
PvP
Spawn Locations
Close Positions
Add a new tag
Caveats
  • Supply blocks, unpowered buildings, or Contaminate may cause inaccurate times.
  • Supply counts are checked every 10 seconds.